 Dungeon Crawl Stone Soup version 0.29.1-1-gd02db6906a (webtiles) character file.

Game seed: 14680167193666474608

364 H0rd4k the Insei (level 6, 0/38 HPs)
             Began as an Octopode Transmuter on Oct 18, 2022.
             Slain by an orc
             ... wielding a +0 flail
              (11 damage)
             ... on level 4 of the Dungeon.
             The game lasted 00:03:23 (4073 turns).

H0rd4k the Insei (Octopode Transmuter)              Turns: 4073, Time: 00:03:23

Health: 0/38       AC:  1    Str: 10      XL:     6   Next: 67%
Magic:  10/10      EV: 13    Int: 17      God:
Gold:   210        SH:  0    Dex: 11 (12) Spells: 9/10 levels left

rFire   . . .      SeeInvis .     - Unarmed
rCold   . . .      Faith    .   (no shield)
rNeg    . . .      Spirit   .   (helmet restricted)
rPois   .          Reflect  .   (no amulet)
rElec   .          Harm     .   (no ring)
rCorr   .          Rampage  .   (no ring)
Will    .....                   (no ring)
Stlth   ++++......              (no ring)
HPRegen 0.12/turn               (no ring)
MPRegen 0.12/turn               (no ring)
                                (no ring)
                                (no ring)

@: no status effects
A: almost no armour, amphibious, 8 rings, camouflage 1, gelatinous body 1,
(nimble swimmer 1), tentacles
a: no special abilities


You were on level 4 of the Dungeon.
You visited 1 branch of the dungeon, and saw 4 of its levels.

You collected 210 gold pieces.

Inventory:

Hand Weapons
 e - a +0 dagger of flaming
Jewellery
 l - a ring of flight
Scrolls
 b - 4 scrolls of amnesia {unknown}
 c - a scroll of identify {unknown}
 f - a scroll of poison {unknown}
 g - a scroll of enchant weapon {unknown}
 i - a scroll of noise {unknown}
 j - a scroll of enchant armour {unknown}
 k - a scroll of silence {unknown}
 o - a scroll of butterflies {unknown}
 q - a scroll of vulnerability {unknown}
Potions
 a - a potion of lignification
 d - 3 potions of heal wounds
 h - a potion of flight {unknown}
 m - a potion of ambrosia {unknown}
 n - a potion of curing {unknown}
 p - a potion of mutation {unknown}


   Skills:
 + Level 1.2 Fighting
 + Level 2.4 Dodging
 + Level 4.9 Stealth
 + Level 5.2 Unarmed Combat
 + Level 2.6 Spellcasting
 + Level 2.8 Transmutations


You had 9 spell levels left.
You knew the following spells:

 Your Spells              Type           Power      Damage    Failure   Level
a - Beastly Appendage     Tmut           22%        N/A       6%          1

Your spell library contained the following spells:

 Spells                   Type           Power      Damage    Failure   Level
 Wereblood                Tmut           11%        N/A       9%          2
 Passwall                 Tmut/Erth      5%         N/A       16%         2
 Sandblast                Erth           4%         2d4       19%         1
 Spider Form              Tmut/Pois      7%         N/A       30%         3
 Ozocubu's Armour         Ice            2%         N/A       47%         3
 Stone Arrow              Conj/Erth      4%         3d7       47%         3
 Ice Form                 Ice/Tmut       7%         N/A       71%         4
 Ozocubu's Refrigeration  Ice            1%         4d7       100%        7
 Lehudib's Crystal Spear  Conj/Erth      1%         10d2      100%        8
 Animate Armour           Summ/Erth      Unusable   N/A       N/A         4

Dungeon Overview and Level Annotations

Branches:
Dungeon (4/15)
 Temple: D:4-7

Altars:
Nemelex Xobeh
Qazlal
Uskayaw

Annotations:
D:2 exclusion: downstairs


Innate Abilities, Weirdness & Mutations

You cannot wear most types of armour.
You are amphibious.
You can wear up to eight rings at the same time.
Your skin changes colour to match your surroundings (Stealth+).
Your rubbery body absorbs attacks. (AC +1, EV +1)
((You are camouflaged when in or above water. (Stealth+)))
You have tentacles for arms and can constrict up to eight enemies at once.


Message History

Your surroundings seem slightly different.
An orc wizard and 2 orcs come into view.
The orc wizard shouts!
The orc shouts! x3; You hear a shout!
Something shouts, "Away with thee, thou feeble dread-bolted clotpole!"
Found a stone staircase leading down.
The orc wizard gestures at you while chanting.
You are confused.
The orc hits you with a +0 flail. The orc attacks as you move away!
The orc closely misses you. The orc attacks as you move away!
The orc barely misses you.
A quasit comes into view.
Found 7 stones.
The quasit gives a chilling moan.
The orc misses you. The orc attacks as you move away!
The orc hits you with a +0 flail.
You tentacle-slap the orc.
The orc is heavily wounded.
The orc hits you with a +0 flail!
An ufetubus comes into view.
The ufetubus shouts!
You feel less confused. The quasit barely misses you. The quasit claws you. x2
The orc wizard casts a spell.
The orc wizard flickers and vanishes!
Deactivating autopickup; reactivate with Ctrl-A.
The orc shouts!
You tentacle-slap the quasit but do no damage.
Your grab misses the quasit. The quasit bites you. The quasit claws you.
You feel clumsy. The quasit closely misses you. The orc closely misses you.
The quasit bites you but does no damage.
The quasit closely misses you.
The quasit claws you but does no damage.
An orc comes into view. It is wielding a +1 trident of venom.
The quasit completely misses you. The quasit misses you.
The quasit closely misses you. Something barely misses you.
The orc hits you with a +0 flail.
* * * LOW HITPOINT WARNING * * *
The orc attacks as you move away! The orc hits you with a +0 flail!
You die...

....# .....§.P# .##.#
.....§P# .##.##
#...P§§# .##..
####...PP.# ÷##.#
..........###### .##.#
...............# ....#
.........5.....# ....#
(.......5.....#
....########...o@.....#
..............o...>####
...........o..o...##
.........#.##...###
.###...........##
.....##.....####
.###...$..o.# .#
#.##o##.## .. ...o....#


You could see a quasit, 5 orcs and an ufetubus.

Vanquished Creatures
  Menkaure (D:4)
  A gnoll bouda (D:3)
  2 iguanas (D:4)
  6 gnolls
  4 adders
  A shadow imp (D:4)
  A worm (D:4)
  A dart slug (D:1)
  An orc (D:3)
  2 ball pythons
  4 bats
  4 endoplasms
  5 giant cockroaches
  4 goblins
  6 hobgoblins
  2 jackals (D:1)
  A quokka (D:4)
  2 frilled lizards (D:1)
  10 kobolds
  7 rats
65 creatures vanquished.

Vanquished Creatures (others)
  A plant (D:3)
1 creature vanquished.

Grand Total: 66 creatures vanquished

Notes
Turn   | Place    | Note
-------+----------+-------------------------------------------
     0 | D:1      | H0rd4k the Octopode Transmuter began the quest for the Orb.
     0 | D:1      | Reached XP level 1. HP: 13/13 MP: 3/3
   242 | D:1      | Reached XP level 2. HP: 18/18 MP: 5/5
   744 | D:1      | Reached XP level 3. HP: 16/23 MP: 6/6
   877 | D:1      | Reached skill level 1 in Stealth
  1305 | D:2      | Found a sparkling altar of Nemelex Xobeh.
  1344 | D:2      | Reached skill level 4 in Unarmed Combat
  1416 | D:2      | Reached XP level 4. HP: 23/28 MP: 5/7
  2034 | D:3      | Noticed a centaur
  2625 | D:3      | Found a stormy altar of Qazlal.
  2688 | D:3      | Found a faded altar of an unknown god.
  2793 | D:3      | Reached XP level 5. HP: 26/33 MP: 8/8
  3179 | D:3      | Found a hide-covered altar of Uskayaw.
  3846 | D:4      | Reached XP level 6. HP: 38/38 MP: 7/9
  3859 | D:4      | Noticed Menkaure
  3889 | D:4      | Killed Menkaure
  3890 | D:4      | Reached skill level 5 in Unarmed Combat
  4073 | D:4      | Slain by an orc

Illustrated notes

Levels and vault maps discovered:
D:1:      wander_arrival_lonely_grave, layout_loops_corners
D:2:      layout_rooms, basic_altar, minmay_misc_feat_nine_boxes,
          grunt_ministairs_6
D:3:      layout_basic, nicolae_qazlal_eye_of_the_storm,
          nicolae_uskayaw_dance_hall, shapermc_ecumenical_altar_acropolis
D:4:      layout_basic, minmay_overflow_temple_star_quad, serial_demonic,
          serial_demonic_a, serial_demonic_e, serial_demonic_e,
          serial_demonic_b, serial_demonic_d, serial_demonic_b, uniq_menkaure

Skill      XL: |  1  2  3  4  5  6 |
---------------+-------------------+-----
Stealth        | 2 3 4 |  4.9
Unarmed Combat | 4 5 |  5.2
Fighting       | |  1.2
Dodging        | |  2.4
Spellcasting   | |  2.6
Transmutations | |  2.8

Action                   |  1- 3 |  4- 6 || total
-------------------------+-------+-------++-------
Melee: Unarmed           |    76 |    82 ||   158
       Constrict         |    19 |    18 ||    37
       Tentacles         |    18 |    20 ||    38
       Punch             |     2 |     5 ||     7
       Kick              |       |    21 ||    21
 Cast: Beastly Appendage |     2 |    10 ||    12
  Use: Potion            |       |     2 ||     2
 Stab: Sleeping          |    13 |     7 ||    20
Armor: Skin              |     4 |     5 ||     9
Dodge: Dodged            |    36 |    60 ||    96
